 Dungeon Crawl Stone Soup version 0.28-a0-422-gd71735cc25 (webtiles) character file.

Game seed: 15135640206271407510

94 frimble the Stinger (level 4, -7/29 HPs)
             Began as an Octopode Venom Mage on Sept 9, 2021.
             Killed by divine providence
             ... invoked by an orc priest
              (15 damage)
             ... on level 2 of the Dungeon.
             The game lasted 00:03:32 (2335 turns).

frimble the Stinger (Octopode Venom Mage)           Turns: 2335, Time: 00:03:33

Health: -7/29      AC:  1    Str:  7    XL:     4   Next: 63%
Magic:  4/7        EV: 13    Int: 18    God:
Gold:   132        SH:  0    Dex: 12    Spells: 6/7 levels left

rFire   . . .      SeeInvis .   d - +1 short sword (drain)
rCold   . . .      Faith    .   (no shield)
rNeg    . . .      Spirit   .   (helmet restricted)
rPois   .          Reflect  .   (no amulet)
rElec   .          Harm     .   (no ring)
rCorr   .          Rampage  .   (no ring)
Will    .....                   (no ring)
Stlth   +++.......              (no ring)
HPRegen 0.09/turn               (no ring)
MPRegen 0.10/turn               (no ring)
                                (no ring)
                                (no ring)

@: no status effects
A: almost no armour, amphibious, 8 rings, camouflage 1, gelatinous body 1,
(nimble swimmer 1), tentacles
a: no special abilities


You were on level 2 of the Dungeon.
You visited 1 branch of the dungeon, and saw 3 of its levels.

You collected 132 gold pieces.

Inventory:

Hand Weapons
 d - a +1 short sword of draining (weapon)
Wands
 e - a wand of paralysis (13)
Scrolls
 a - a scroll of identify
Potions
 b - a potion of heal wounds
 f - a potion of haste
 h - a potion of magic


   Skills:
 + Level 1.7 Fighting
 + Level 1.1 Short Blades
 + Level 2.9 Dodging
 - Level 2.6 Stealth
 - Level 1.2 Unarmed Combat
 - Level 2.0 Spellcasting
 - Level 1.0 Transmutations
 + Level 4.4 Poison Magic


You had 6 spell levels left.
You knew the following spells:

 Your Spells              Type           Power      Damage    Failure   Level
a - Sting                 Tmut/Pois      44%        1d5       6%          1

Your spell library contained the following spells:

 Spells                   Type           Power      Damage    Failure   Level
 Poisonous Vapours        Pois/Air       18%        N/A       11%         2
 Foxfire                  Conj/Fire      4%         2x1d4     19%         1
 Mephitic Cloud           Conj/Pois/Air  7%         N/A       30%         3
 Olgreb's Toxic Radiance  Pois           17%        N/A       30%         4
 Conjure Flame            Conj/Fire      1%         6-21      47%         3
 Inner Flame              Hex/Fire       1%         N/A       47%         3
 Flame Wave               Conj/Fire      1%         3d3       87%         4


Dungeon Overview and Level Annotations

Branches:
Dungeon (3/15)

Altars:


Innate Abilities, Weirdness & Mutations

You cannot wear most types of armour.
You are amphibious.
You can wear up to eight rings at the same time.
Your skin changes colour to match your surroundings (Stealth+).
Your rubbery body absorbs attacks. (AC +1, EV +1)
((You are camouflaged near water. (Stealth+)))
You have tentacles for arms and can constrict up to eight enemies at once.


Message History

Unknown command.
A gnoll comes into view. It is wielding a +0 club.
Casting: Sting (safe; 6% risk of failure)
Confirm with . or Enter, or press ? or * to list all spells.
Aiming: Sting (safe; 6% risk of failure)
Press: ? - help, Shift-Dir - straight line, f - orc priest
Aim: an orc priest, wielding a +0 club and wearing a +0 leather armour (71% to hit)
The sting hits the orc priest.
The orc priest is poisoned.
The orc priest is moderately wounded.
Casting: Sting (safe; 6% risk of failure)
Confirm with . or Enter, or press ? or * to list all spells.
Aiming: Sting (safe; 6% risk of failure)
Press: ? - help, Shift-Dir - straight line, f/p - orc priest
Aim: an orc priest, wielding a +0 club and wearing a +0 leather armour (moderately wounded, poisoned, 71% to hit)
The sting hits the orc priest.
The orc priest looks even sicker.
The orc priest is moderately wounded.
A hobgoblin comes into view.
The orc priest misses you.
The orc wizard hits you but does no damage.
You climb upwards.
There is a stone staircase leading down here.
Casting: Sting (safe; 6% risk of failure)
Confirm with . or Enter, or press ? or * to list all spells.
Aiming: Sting (safe; 6% risk of failure)
Press: ? - help, Shift-Dir - straight line, f - orc priest
Aim: an orc priest, wielding a +0 club and wearing a +0 leather armour (moderately wounded, very poisoned, 71% to hit)
The sting hits the orc priest but does no damage.
The orc priest looks even sicker.
The orc priest is moderately wounded.
The orc priest closely misses you.
The orc wizard gestures at you while chanting.
The magic dart hits you!
Unknown command.
The orc priest calls down the wrath of Beogh upon you.
Pain shoots through your body!
* * * LOW HITPOINT WARNING * * *
The orc priest calls down the wrath of Beogh upon you.
Beogh smites you!
Ouch! That really hurt!
You die...

.#########.# #.#.#.......# .#
#.# #.#.#.##.##.# .# #.#
#.#.#.##.##.# .# #.#
#.#.#.##.##.# ## #.#
#.#.#.....#.# ######.#
#.#.#######.# #......#
#.#.........# #.###..#
#####.########### #.# #).#
#.@...#........#
#####.###..####.#####.######.#
.............o>o......#......#
###.#......####.#######.######
#.#...........# #.#
#.#.....#############.#
###.#...................#
..#.#.....###############
..#.#######


You could see an orc priest (very poisoned) and an orc wizard.

Vanquished Creatures
  An iguana (D:2)
  2 adders
  A dart slug (D:1)
  5 orcs (D:3)
  3 ball pythons
  7 bats
  3 endoplasms
  A hobgoblin (D:2)
  3 kobolds
  4 frilled lizards
  7 goblins
  8 rats
45 creatures vanquished.

Notes
Turn   | Place    | Note
-------+----------+-------------------------------------------
     0 | D:1      | frimble the Octopode Venom Mage began the quest for the
                  | Orb.
     0 | D:1      | Reached XP level 1. HP: 11/11 MP: 3/3
   381 | D:1      | Reached XP level 2. HP: 10/18 MP: 0/5
   834 | D:1      | Reached skill level 1 in Unarmed Combat
  1036 | D:1      | Found a faded altar of an unknown god.
  1178 | D:2      | Reached skill level 1 in Fighting
  1197 | D:2      | Reached skill level 4 in Poison Magic
  1197 | D:2      | Reached XP level 3. HP: 9/23 MP: 2/6
  1954 | D:2      | Reached XP level 4. HP: 17/28 MP: 4/7
  2188 | D:3      | Reached skill level 1 in Short Blades
  2335 | D:2      | Killed from afar by an orc priest

Illustrated notes

Levels and vault maps discovered:
D:1:      tarquinn_simple_flora_water_e, layout_loops_ring,
          dreamdust_ecumenical_altar_angels_and_demons, patterned_corridor
D:2:      layout_basic
D:3:      layout_rooms, serial_shops, nicolae_shop_stone, uniq_jessica

Skill      XL: |  1  2  3  4 |
---------------+-------------+-----
Unarmed Combat | 1 |  1.2
Fighting       | 1 |  1.7
Poison Magic   | 4 |  4.4
Short Blades   | 1 |  1.1
Dodging        | |  2.9
Stealth        | |  2.6
Spellcasting   | |  2.0
Transmutations | |  1.0

Action                   |  1- 3 |  4- 6 || total
-------------------------+-------+-------++-------
Melee: Unarmed           |    30 |       ||    30
       Constrict         |    14 |     4 ||    18
       Tentacles         |    10 |     4 ||    14
       Short sword       |    11 |    15 ||    26
 Cast: Sting             |    26 |    16 ||    42
  Use: Scroll            |     2 |     5 ||     7
 Stab: Sleeping          |    10 |     1 ||    11
       Distracted        |       |     1 ||     1
Armor: Skin              |     6 |     2 ||     8
Dodge: Dodged            |    38 |    11 ||    49

Table legend: (Time is in decaauts)
 A = Elapsed time spent in this place.
 B = Non-inter-level travel time spent in this place.
 C = Inter-level travel time spent in this place.
 D = Time resting spent in this place.
 E = Time spent auto-exploring this place.
 F = Levels seen in this place.
 G = Mean time per level.
                   A        B        C        D        E       F      G
               +--------+--------+--------+--------+--------+-----+--------+
         Total |   2336 |   2307 |     29 |      0 |   1967 |   3 |  778.7 |
       Dungeon |   2336 |   2307 |     29 |      0 |   1967 |   3 |  778.7 |
               +--------+--------+--------+--------+--------+-----+--------+

Top non-repeatable levels by time:
     D:1: 1162 daAuts
     D:2: 1057 daAuts
     D:3: 116 daAuts
